 Dungeon Crawl Stone Soup version 0.29.1-13-g9f3cf754e1 (webtiles) character file.

Game seed: 10040418291999987554

4988 shadowmeld the Thaumaturge (level 10, -7/70 HPs)
             Began as a Djinni Transmuter on Feb 1, 2023.
             Was a Follower of Ashenzari.
             Mangled by a two-headed ogre
             ... wielding a +0 giant club
              (13 damage)
             ... on level 8 of the Dungeon on Feb 2, 2023.
             The game lasted 00:52:59 (10824 turns).

shadowmeld the Thaumaturge (Djinni Transmuter)     Turns: 10824, Time: 00:53:01

Health: -7/70      AC:  6    Str:  9    XL:     10   Next: 83%
Gold:   1060       EV: 13    Int: 22    God:    Ashenzari [*.....] SH:  7 Dex: 14

rFire   + + .      SeeInvis +   t - +8 trident of the Octopus King {venom, rElec rPois, Melee, Fort} (curse)
rCold   x . .      Faith    .   b - +0 kite shield
rNeg    . . .      Spirit   .   I - +0 robe {Will+}
rPois   ∞          Reflect  .   H - +2 helmet
rElec   +          Harm     .   F - +0 cloak
rCorr   .          Rampage  .   (no gloves)
Will    ++...                   (boots unavailable)
Stlth   ++........              (no amulet)
HPRegen 0.21/turn               q - ring of Ashenzari's Soothsayer {rElec Int+3 Slay+2 SInv Stlth+, Melee, Cun} (curse)
MPRegen 0.00/turn               (no ring)

@: flying
A: sickness immunity, fire resistance 2, cold vulnerability 1, float, innate
caster, HP casting, extra vitality 1
a: Renounce Religion, Shatter the Chains


You were on level 8 of the Dungeon.
You worshipped Ashenzari.
Ashenzari was aware of your devotion.
You visited 2 branches of the dungeon, and saw 9 of its levels.
You also visited: Bailey.

You collected 1060 gold pieces.

Inventory:

Hand Weapons
 t - the cursed +8 trident of the Octopus King (weapon) {venom, rElec rPois, Melee, Fort}
   (You took it off a gnoll on level 4 of the Dungeon)

   It poisons the flesh of those it strikes.
   rElec:     It insulates you from electricity.
   rPois:     It protects you from poison.
   It has a curse which improves the following skills: Melee Combat: Short
   Blades, Long Blades, Axes, Maces & Flails, Polearms, Staves and Unarmed
   Combat.
   Fortitude: Armour and Shields.
 G - the +5 scythe "Finisher" {speed, eviscerate}
   (You found it on level 6 of the Dungeon)

   Attacks with this weapon are significantly faster.
   It may eviscerate those it strikes, slaying them instantly, with a decreasing
   chance against stronger foes.
Missiles
 B - 6 silver boomerangs
 J - 18 poisoned darts
 O - 11 curare-tipped darts
 P - 4 atropa-tipped darts
Armour
 a - a +0 robe
 b - a +0 kite shield (worn)
 e - a scarf of harm
 o - a +1 scale mail of cold resistance
 y - a +0 helmet
 F - a +0 cloak (worn)
 H - a +2 helmet (worn)
 I - a +0 robe of willpower (worn)
 N - +0 swamp dragon scales
 T - a +0 troll leather armour
Jewellery
 q - the cursed ring of Ashenzari's Soothsayer (left hand) {rElec Int+3 Slay+2 SInv Stlth+, Melee, Cun}
   (You acquired it on level 4 of the Dungeon)

   [ring of see invisible]

   Int:       It affects your intelligence (+3).
   Slay:      It affects your accuracy & damage with ranged weapons and melee
   (+2).
   rElec:     It insulates you from electricity.
   SInv:      It lets you see invisible.
   Stlth:     It makes you more stealthy.
   It has a curse which improves the following skills: Melee Combat: Short
   Blades, Long Blades, Axes, Maces & Flails, Polearms, Staves and Unarmed
   Combat.
   Cunning:   Dodging and Stealth.
Wands
 m - a wand of roots (11)
 v - a wand of mindburst (13)
 E - a wand of flame (14)
 S - a wand of digging (6)
Scrolls
 f - 4 scrolls of immolation
 g - 2 scrolls of poison
 i - 2 scrolls of blinking
 l - 3 scrolls of noise
 p - 2 scrolls of enchant weapon
 w - 2 scrolls of teleportation
 A - a scroll of enchant armour
 C - a scroll of fog
 D - a scroll of fear
 L - a scroll of brand weapon
 M - a scroll of silence
 U - a scroll of vulnerability
Potions
 c - 5 potions of curing
 d - 2 potions of lignification
 h - a potion of berserk rage
 j - 3 potions of cancellation
 k - 4 potions of resistance
 n - 4 potions of might
 r - 2 potions of brilliance
 u - a potion of ambrosia
 x - 2 potions of mutation
 z - 2 potions of degeneration
 K - a potion of attraction
 R - a potion of haste


   Skills:
 * Level 5.5 Fighting
 + Level 1.3(2.2) Polearms
 * Level 6.1(7.0) Dodging
 + Level 0.2(0.4) Shields
 + Level 4.3(5.5) Unarmed Combat
 * Level 9.9 Spellcasting


You had 8 spell levels left.
You knew the following spells:

 Your Spells              Type           Power      Damage    Failure   Level
a - Beastly Appendage     Tmut           100%       N/A       1%          1
b - Wereblood             Tmut           53%        N/A       1%          2
c - Spider Form           Tmut/Pois      53%        N/A       1%          3
d - Ice Form              Ice/Tmut       53%        N/A       3%          4
e - Foxfire               Conj/Fire      100%       2x1d9     1%          1
f - Poisonous Vapours     Pois/Air       100%       N/A       1%          2
g - Gell's Gravitas       Tloc           53%        N/A       1%          3
h - Leda's Liquefaction   Hex/Erth       26%        N/A       3%          4
Your spell library was empty.

Dungeon Overview and Level Annotations

Branches:
Dungeon (8/15)             Temple (1/1) D:5          Bailey (visited)
   Lair: D:8-11

Altars:
Ashenzari
Cheibriados
Dithmenos
Fedhas
Gozag
Hepliaklqana
Makhleb
Ru
Trog
Wu Jian
Xom
Yredelemnul
Zin
The Shining One

Shops:
D:6 *


Innate Abilities, Weirdness & Mutations

You are immune to sickness and miasma.
You are immune to poison.
Your flesh is very heat resistant. (rF++)
You are vulnerable to cold. (rC-)
You float through the air rather than walking.
You learn spells naturally, not from books.
Your magical power is your life essence.
You have superior vitality. (+4 MHP)


Message History

Aim: a two-headed ogre, wielding two +0 giant clubs Poisonous vapours surround the two-headed ogre!
The two-headed ogre is poisoned.
Casting: Poisonous Vapours (safe; 1% risk of failure)
Confirm with . or Enter, or press ? or * to list all spells.
Aiming: Poisonous Vapours (safe; 1% risk of failure)
Press: ? - help, Dir - move target, f/p - two-headed ogre
Aim: a two-headed ogre, wielding two +0 giant clubs (lightly wounded, very poisoned) Poisonous vapours surround the two-headed ogre!
The two-headed ogre looks as sick as possible!
Casting: Poisonous Vapours (safe; 1% risk of failure)
Confirm with . or Enter, or press ? or * to list all spells.
You conjure some foxfire!
The foxfire hits the two-headed ogre.
The two-headed ogre is lightly wounded.
The foxfire hits the two-headed ogre.
The two-headed ogre is moderately wounded.
Casting: Foxfire (safe; 1% risk of failure)
Confirm with . or Enter, or press ? or * to list all spells.
You conjure some foxfire!
The foxfire hits the two-headed ogre but does no damage.
The two-headed ogre is moderately wounded.
The foxfire hits the two-headed ogre.
The two-headed ogre is moderately wounded.
Reach: t) +8 trident of the Octopus King {venom, rElec rPois, Melee, Fort} (curse)
Press: ? - help, Dir - move target, f/p - two-headed ogre
Aim: a two-headed ogre, wielding two +0 giant clubs (moderately wounded, extremely poisoned, about 19% to evade the cursed +8 trident of the Octopus King)
You reach to attack!
You hit the two-headed ogre.
The two-headed ogre is heavily wounded.
You hit the two-headed ogre.
The two-headed ogre is heavily wounded.
The two-headed ogre hits you with a +0 giant club!!
You block the two-headed ogre's attack.
You barely miss the two-headed ogre.
The two-headed ogre is heavily wounded.
The two-headed ogre hits you with a +0 giant club!!!
Ouch! That really hurt!
* * * LOW HITPOINT WARNING * * *
The two-headed ogre hits you with a +0 giant club!
You die...

#........#.#....
#.....#.#.#..#. . ####
#....##.#'#.### .#.
#...##....##.....# #
....###.#.......#####.##
..#.>...###...)..## #.#
..............>...###.##
......)........#.......#
.........@..##.###..##~###
.........O.###.# ##.)≈≈.#.
#.........## #.. ##≈≈.≈..
#....."...# ##.# ##≈..≈..
##....!...# .. #≈≈..~≈≈
#........# #.##≈##....
##.......# #≈#.≈...
##......# ###.~≈..
#.....## #...~≈.


You could see a two-headed ogre (very poisoned).

Vanquished Creatures
  Pikel (D:8)
  Maurice (D:8)
  Maggie (D:7)
  A troll (D:8)
  Sigmund (D:6)
  A wyvern (D:8)
  Menkaure (D:6)
  Edmund (D:6)
  A water moccasin (D:7)
  3 orc warriors
  An ogre (D:7)
  A black bear (D:6)
  2 centaurs (D:8)
  2 lemures (D:8)
  3 phantoms
  7 kobold brigands
  Blork the orc (D:5)
  2 scorpions
  5 wights (D:7)
  4 howler monkeys
  9 hounds
  Crazy Yiuf (D:5)
  3 jellies
  4 orc priests
  2 iguanas
  10 orc wizards
  10 gnolls (D:4)
  9 adders
  A worm (D:2)
  5 dart slugs
  21 orcs
  6 bats
  4 endoplasms
  5 giant cockroaches
  11 hobgoblins
  26 kobolds
  5 quokkas
  9 ball pythons
  2 frilled lizards (D:1)
  4 goblins
  9 rats
196 creatures vanquished.

Vanquished Creatures (collateral kills)
  16 foxfires
16 creatures vanquished.

Vanquished Creatures (others)
  725 foxfires
  3 fungi (D:4)
  4 plants (D:3)
732 creatures vanquished.

Grand Total: 944 creatures vanquished

Notes
Turn   | Place    | Note
-------+----------+-------------------------------------------
     0 | D:1      | shadowmeld the Djinni Transmuter began the quest for the
                  | Orb.
     0 | D:1      | shadowmeld set off with the following spells memorised:
                  | Beastly Appendage, Wereblood, Spider Form, Ice Form.
     0 | D:1      | Reached XP level 1. HP: 17/17 MP: 0/0
   429 | D:1      | Reached XP level 2. HP: 21/22 MP: 0/0
   738 | D:1      | Reached XP level 3. HP: 11/27 MP: 0/0
   738 | D:1      | Learned a level 1 spell: Foxfire
  1601 | D:2      | Reached skill level 2 in Spellcasting
  1999 | D:2      | Reached XP level 4. HP: 29/32 MP: 0/0
  2376 | D:2      | Found a faded altar of an unknown god.
  3159 | D:3      | Reached XP level 5. HP: 30/38 MP: 0/0
  3159 | D:3      | Learned a level 2 spell: Poisonous Vapours
  3608 | D:3      | Noticed a phantom
  3625 | D:3      | Killed a phantom
  3626 | D:3      | Reached skill level 3 in Spellcasting
  4166 | D:4      | Reached XP level 6. HP: 13/43 MP: 0/0
  4943 | D:4      | Reached skill level 4 in Spellcasting
  4943 | D:4      | Reached XP level 7. HP: 26/49 MP: 0/0
  4943 | D:4      | Learned a level 3 spell: Gell's Gravitas
  5324 | D:4      | Found a sacrificial altar of Ru.
  5646 | D:4      | Reached skill level 5 in Spellcasting
  5884 | D:4      | Identified a scroll of acquirement
  5885 | D:4      | Acquired the ring of the Cast Vote {rElec Int+3 Slay+2 SInv
                  | Stlth+}
  5891 | D:5      | Entered Level 5 of the Dungeon
  5893 | D:5      | Found a staircase to the Ecumenical Temple.
  5904 | Temple   | Entered the Ecumenical Temple
  5953 | Temple   | Became a worshipper of the Shining One
  6004 | D:5      | Noticed Blork the orc
  6014 | D:5      | Reached XP level 8. HP: 49/55 MP: 0/0
  6026 | D:5      | Killed Blork the orc
  6865 | D:5      | Found a runed translucent door.
  6866 | D:5      | Noticed Crazy Yiuf
  6874 | D:5      | Killed Crazy Yiuf
  7052 | D:5      | Reached skill level 6 in Spellcasting
  7533 | D:6      | Found the +5 scythe "Finisher" {speed, eviscerate}
  7714 | D:6      | Noticed Edmund
  7720 | D:6      | Found a broken altar of Ashenzari.
  7729 | D:6      | Found a hazy altar of Hepliaklqana.
  7731 | D:6      | Fell from the grace of the Shining One
  7731 | D:6      | Became a worshipper of Ashenzari the Shackled
  7747 | D:6      | Killed Edmund
  7748 | D:6      | Reached XP level 9. HP: 48/61 MP: 0/0
  7748 | D:6      | Learned a level 4 spell: Leda's Liquefaction
  7839 | D:6      | Reached skill level 7 in Spellcasting
  7935 | D:6      | Found Cujim's Overcharged Wands.
  7961 | D:6      | Noticed Menkaure
  7964 | D:6      | Killed Menkaure
  7965 | D:6      | Noticed Sigmund
  7970 | D:6      | Killed Sigmund
  8163 | D:7      | Noticed Maggie
  8180 | D:7      | Killed Maggie
  8264 | D:7      | Reached skill level 8 in Spellcasting
  8281 | D:7      | Found a flagged portal.
  8297 | Bailey   | Entered a bailey
  8743 | Bailey   | Reached skill level 5 in Dodging
  8760 | Bailey   | Reached XP level 10. HP: 9/68 MP: 0/0
  8760 | Bailey   | HP: 1/68 [kobold brigand/+0 war axe (8)]
  9150 | Bailey   | Found a bloodstained altar of Trog.
  9236 | D:7      | Reached skill level 9 in Spellcasting
  9329 | D:7      | Found an ornate altar of the Wu Jian Council.
  9833 | D:7      | Reached * piety under Ashenzari
  9943 | D:8      | Reached skill level 5 in Fighting
 10020 | D:8      | Reached skill level 1 in Polearms
 10506 | D:8      | Found a glowing silver altar of Zin.
 10561 | D:8      | Noticed Maurice
 10580 | D:8      | Killed Maurice
 10679 | D:8      | Noticed Pikel
 10691 | D:8      | Killed Pikel
 10815 | D:8      | Noticed a two-headed ogre
 10824 | D:8      | Mangled by a two-headed ogre

Illustrated notes

Levels and vault maps discovered:
D:1:      saegor_arrival_fortress, layout_loops_ring
D:2:      layout_loops_ring, shapermc_ecumenical_altar_flowoftime
D:3:      layout_loops_ring, serial_forest, infiniplex_forest_clump_cross,
          infiniplex_forest_end_1, infiniplex_forest_pool,
          infiniplex_forest_lined_3, infiniplex_forest_straight_5,
          infiniplex_forest_fountain
D:4:      layout_basic, mainiacjoe_overflow_brackets, minivault_24,
          dreamdust_gnoll_farm
D:5:      layout_loops_cross, minmay_temple_entry_grid, grunt_ministairs_10,
          chequers_serial_rivers_micro_c, dreamdust_mushroom_princess,
          serial_park_tiny_1, uniq_crazy_yiuf_cottage, uniq_blork_the_orc
D:6:      layout_rooms, mainiacjoe_overflow_catwalk_spiral,
          nicolae_shop_overcharged_wands, uniq_sigmund, uniq_edmund,
          uniq_menkaure
D:7:      layout_cave_pools, nzn_wu_jian_council_hall, vehumet_altar_wand_db,
          enter_bailey_2, uniq_maggie
D:8:      layout_layer_cave, mainiacjoe_overflow_surrounded_room, serial_rivers,
          chequers_serial_rivers_micro_a, chequers_serial_rivers_large_a,
          chequers_serial_rivers_small_b, chequers_serial_rivers_small_a,
          chequers_serial_rivers_room_b, uniq_pikel, uniq_maurice, uniq_amaemon
Temple:   hellmonk_temple_of_storms

Skill      XL: |  1  2  3  4  5  6  7  8  9 10 |
---------------+-------------------------------+-----
Spellcasting   | 2 3 4 5 6 8 9 |  9.9
Dodging        | 3 4 5 6 |  6.1
Fighting       | 2 3 4 5 |  5.5
Unarmed Combat | 4 |  4.3
Polearms       | 1 |  1.3
Shields        | |  0.2

Action                   |  1- 3 |  4- 6 |  7- 9 | 10-12 || total
-------------------------+-------+-------+-------+-------++-------
Melee: Unarmed           |    57 |    24 |     9 |       ||    90
       Headbutt          |     9 |     2 |       |       ||    11
       Punch             |       |     1 |       |       ||     1
       Trident           |       |       |    34 |    36 ||    70
 Cast: Beastly Appendage |    12 |     2 |       |       ||    14
       Foxfire           |    46 |    80 |   200 |   115 ||   441
       Poisonous Vapours |       |     9 |     5 |    13 ||    27
       Gell's Gravitas   |       |       |     3 |     2 ||     5
       Ice Form          |       |       |     2 |       ||     2
Invok: Curse Item        |       |       |     1 |     1 ||     2
  Use: Potion            |       |     1 |     2 |     1 ||     4
       Scroll            |       |       |     9 |       ||     9
 Stab: Sleeping          |     1 |       |       |       ||     1
Armor: Robe              |     6 |     1 |     7 |     6 ||    20
       Skin              |       |     5 |     1 |       ||     6
Dodge: Dodged            |    36 |    23 |    29 |    24 ||   112
Block: Kite shield       |       |       |    11 |    14 ||    25
